ORI
UNIVERSITY OF MIAMI HURRICANES @ CALIFORNIA STATE UNIVERSITY AT FULLERTON TITANS
07/20/2048
 
TOP OF THE 1ST
Wichita State University Shockers batting - Pitching for Clemson University Tigers : LHP Oliver Troiano
Pitching: LHP Oliver Troiano
Batting: RHB Kyle Gill 0-0: Ball
1-0: Ball
2-0: SINGLE (Groundball, 34D, EV 96.9 MPH)
Batting: RHB Lucio Baratta 0-0: Ball
1-0: Ball
2-0: Called Strike
2-1: Foul Ball, location: 2F
2-2: Ball
3-2: Foul Ball, location: 2F
3-2: Foul Ball, location: 2F
3-2: SINGLE (Groundball, 4MD, EV 96.9 MPH)
Kyle Gill to second
Runner from 2nd tries for 3rd, SAFE, no throw by CF
Batting: RHB Byron Whitehead 0-0: Ball
1-0: Ball
2-0: Ball
3-0: Base on Balls
Lucio Baratta to second
Batting: RHB Marvin Coffey 0-0: Foul Ball, location: 2F
0-1: Called Strike
0-2: Strikes out swinging
Batting: RHB Jordan Carr 0-0: Called Strike
0-1: Swinging Strike
0-2: Fly out, F9 (Flyball, 89M, EV 87.5 MPH)
Runner from 3rd tags up, SCORES, throw by RF
Batting: SHB Peter Faggard 0-0: Called Strike
0-1: Foul Ball, location: 2F
0-2: Strikes out swinging
Top of the 1st over - 1 run, 2 hits, 0 errors, 2 left on base; Wichita State University 1 - Clemson University 0
BOTTOM OF THE 1ST
Clemson University Tigers batting - Pitching for Wichita State University Shockers : LHP Sterling Peyton
Pitching: LHP Sterling Peyton
Batting: LHB Steve Gates 0-0: Called Strike
0-1: Foul Ball, location: 2F
0-2: Strikes out swinging
Batting: RHB Jason Duncan 0-0: Foul Ball, location: 2F
0-1: Swinging Strike
0-2: Foul Ball, location: 2F
0-2: Foul Ball, location: 2F
0-2: Foul Ball, location: 2F
0-2: Strikes out swinging
Batting: RHB Josh LeSage 0-0: Ball
1-0: Called Strike
1-1: Swinging Strike
1-2: Strikes out looking
Bottom of the 1st over - 0 runs, 0 hits, 0 errors, 0 left on base; Wichita State University 1 - Clemson University 0
TOP OF THE 2ND
Wichita State University Shockers batting - Pitching for Clemson University Tigers : LHP Oliver Troiano
Batting: LHB Kyle Lee 0-0: Ball
1-0: Foul Ball, location: 2F
1-1: Called Strike
1-2: Foul Ball, location: 2F
1-2: Ball
2-2: Foul Ball, location: 2F
2-2: Foul Ball, location: 2F
2-2: Ball
3-2: Ground out U3 (Groundball, 3S, EV 85.6 MPH)
Batting: LHB Troy Davies 0-0: Called Strike
0-1: Ball
1-1: DOUBLE (Flyball, 8LXD, EV 106.2 MPH)
Batting: RHB Rick McGrath 0-0: Foul Ball, location: 2F
0-1: Swinging Strike
0-2: Foul Ball, location: 2F
0-2: Ball
1-2: Strikes out swinging
Batting: RHB Kyle Gill 0-0: Called Strike
0-1: Called Strike
0-2: Strikes out looking
Top of the 2nd over - 0 runs, 1 hit, 0 errors, 1 left on base; Wichita State University 1 - Clemson University 0
BOTTOM OF THE 2ND
Clemson University Tigers batting - Pitching for Wichita State University Shockers : LHP Sterling Peyton
Batting: RHB Nick Ellis 0-0: Ball
1-0: Called Strike
1-1: Ball
2-1: Ball
3-1: Base on Balls
Batting: RHB Ross Hallock 0-0: Called Strike
0-1: Ball
Wild Pitch!
Nick Ellis to second
1-1: Ball
2-1: Foul Ball, location: 2F
2-2: SINGLE (Flyball, 7S, EV 96.2 MPH)
Nick Ellis to third
Batting: RHB Adrian Franz 0-0: Ball
1-0: Ball
2-0: Called Strike
2-1: Swinging Strike
2-2: Foul Ball, location: 2F
2-2: Strikes out swinging
Batting: LHB Bryant Dill 0-0: Called Strike
0-1: Ball
1-1: SINGLE (Flyball, 34D, EV 88.8 MPH)
Nick Ellis scores
Ross Hallock to second
Batting: LHB George Jedinak 0-0: Fly out, F8 (Flyball, 8LM, EV 83.1 MPH)
Batting: LHB Mario Nunez 0-0: Foul Ball, location: 2F
0-1: Fly out, F8 (Flyball, 8LD, EV 99.4 MPH)
Bottom of the 2nd over - 1 run, 2 hits, 0 errors, 2 left on base; Wichita State University 1 - Clemson University 1
TOP OF THE 3RD
Wichita State University Shockers batting - Pitching for Clemson University Tigers : LHP Oliver Troiano
Batting: RHB Lucio Baratta 0-0: Foul Ball, location: 2F
0-1: Foul Ball, location: 2F
0-2: Ball
1-2: Foul Ball, location: 2F
1-2: Strikes out swinging
Batting: RHB Byron Whitehead 0-0: Called Strike
0-1: Ball
1-1: Ball
2-1: Called Strike
2-2: Foul Ball, location: 2F
2-2: SINGLE (Line Drive, 9S, EV 105.0 MPH)
Batting: RHB Marvin Coffey 0-0: Ball
1-0: Called Strike
1-1: Swinging Strike
1-2: Foul Ball, location: 2F
1-2: Ball
2-2: Foul Ball, location: 2F
2-2: Strikes out looking
Batting: RHB Jordan Carr 0-0: Fly out, F8 (Flyball, 8LD, EV 100.6 MPH)
Top of the 3rd over - 0 runs, 1 hit, 0 errors, 1 left on base; Wichita State University 1 - Clemson University 1
BOTTOM OF THE 3RD
Clemson University Tigers batting - Pitching for Wichita State University Shockers : LHP Sterling Peyton
Batting: LHB Steve Gates 0-0: Ball
1-0: Swinging Strike
1-1: Called Strike
1-2: Strikes out swinging
Batting: RHB Jason Duncan 0-0: Called Strike
0-1: Ball
1-1: Called Strike
1-2: Fly out, F7 (Line Drive, 78D, EV 95.0 MPH)
Batting: RHB Josh LeSage 0-0: Called Strike
0-1: SINGLE (Line Drive, 3D, EV 98.8 MPH)
Batting: RHB Nick Ellis 0-0: Ball
1-0: Foul Ball, location: 2F
1-1: Ball
2-1: Swinging Strike
2-2: Fly out, F9 (Flyball, 89S, EV 86.9 MPH)
Bottom of the 3rd over - 0 runs, 1 hit, 0 errors, 1 left on base; Wichita State University 1 - Clemson University 1
TOP OF THE 4TH
Wichita State University Shockers batting - Pitching for Clemson University Tigers : LHP Oliver Troiano
Batting: SHB Peter Faggard 0-0: Ball
1-0: Swinging Strike
1-1: Ball
2-1: Fly out, F4 (Popup, 4S, EV 70.0 MPH)
Batting: LHB Kyle Lee 0-0: Ball
1-0: Called Strike
1-1: Ball
2-1: Ball
3-1: Fly out, F5 (Popup, 6, EV 75.0 MPH)
Batting: LHB Troy Davies 0-0: Swinging Strike
0-1: Foul Ball, location: 2F
0-2: Strikes out looking
Top of the 4th over - 0 runs, 0 hits, 0 errors, 0 left on base; Wichita State University 1 - Clemson University 1
BOTTOM OF THE 4TH
Clemson University Tigers batting - Pitching for Wichita State University Shockers : LHP Sterling Peyton
Batting: RHB Ross Hallock 0-0: Called Strike
0-1: Called Strike
0-2: Strikes out swinging
Batting: RHB Adrian Franz 0-0: Ball
1-0: Foul Ball, location: 2F
1-1: Fly out, F9 (Flyball, 89M, EV 81.2 MPH)
Batting: LHB Bryant Dill 0-0: Swinging Strike
0-1: Swinging Strike
0-2: Ball
1-2: Strikes out looking
Bottom of the 4th over - 0 runs, 0 hits, 0 errors, 0 left on base; Wichita State University 1 - Clemson University 1
TOP OF THE 5TH
Wichita State University Shockers batting - Pitching for Clemson University Tigers : LHP Oliver Troiano
Pitching: RHP A.J. Newman
Now at 1B: Jonathan Watt
Batting: RHB Rick McGrath 0-0: Called Strike
0-1: Called Strike
0-2: Fly out, F8 (Flyball, 8RXD, EV 101.2 MPH)
Batting: RHB Kyle Gill 0-0: Called Strike
0-1: Ball
1-1: Ball
2-1: Ball
3-1: Called Strike
3-2: Foul Ball, location: 2F
3-2: Base on Balls
Batting: RHB Lucio Baratta 0-0: Ball
1-0: Called Strike
1-1: Foul Ball, location: 2F
1-2: Foul Ball, location: 2F
1-2: 2-RUN HOME RUN (Line Drive, 9D, EV 106.2 MPH), Distance : 392 ft
Batting: RHB Byron Whitehead 0-0: Fly out, F8 (Flyball, 8RM, EV 90.6 MPH)
Batting: RHB Marvin Coffey 0-0: Ball
1-0: Called Strike
1-1: Ball
2-1: Ball
3-1: Foul Ball, location: 2F
3-2: Ground out U3 (Groundball, 34S, EV 85.0 MPH)
Top of the 5th over - 2 runs, 1 hit, 0 errors, 0 left on base; Wichita State University 3 - Clemson University 1
BOTTOM OF THE 5TH
Clemson University Tigers batting - Pitching for Wichita State University Shockers : LHP Sterling Peyton
Now at C: Larry Hogue
Batting: LHB George Jedinak 0-0: Ball
1-0: Ball
2-0: Ball
3-0: Base on Balls
Batting: LHB Mario Nunez 0-0: Fly out, F8 (Line Drive, 8LM, EV 85.0 MPH)
Batting: LHB Steve Gates 0-0: Ball
1-0: Ball
2-0: Called Strike
2-1: Fielders Choice at 2nd, 5-4 (Groundball, 56, EV 82.5 MPH)
Pinch Hitting: LHB Wade Girard 0-0: Ball
1-0: Called Strike
1-1: Ball
2-1: Ball
3-1: Foul Ball, location: 2F
3-2: Ground out U3 (Groundball, 3, EV 103.1 MPH)
Bottom of the 5th over - 0 runs, 0 hits, 0 errors, 1 left on base; Wichita State University 3 - Clemson University 1
TOP OF THE 6TH
Wichita State University Shockers batting - Pitching for Clemson University Tigers : RHP A.J. Newman
Now at 3B: Mike Ryan
Now in LF: Wade Girard
Pinch Hitting: SHB Mike Chafe 0-0: Ball
1-0: Ball
2-0: Called Strike
2-1: Foul Ball, location: 2F
2-2: Strikes out swinging
Batting: SHB Peter Faggard 0-0: Called Strike
0-1: Foul Ball, location: 2F
0-2: Foul Ball, location: 2F
0-2: Ball
1-2: Ball
2-2: Foul Ball, location: 2F
2-2: Strikes out swinging
Pinch Hitting: RHB Alex Zeledon 0-0: Swinging Strike
0-1: Ground out 5-3 (Groundball, 56S, EV 91.2 MPH)
Top of the 6th over - 0 runs, 0 hits, 0 errors, 0 left on base; Wichita State University 3 - Clemson University 1
BOTTOM OF THE 6TH
Clemson University Tigers batting - Pitching for Wichita State University Shockers : LHP Sterling Peyton
Pitching: LHP Rusty Estes
Now at 1B: Carlos Flores
Now at 2B: Alex Zeledon
Batting: RHB Josh LeSage 0-0: Ball
1-0: Foul Ball, location: 2F
1-1: Ground out 4-3 (Groundball, 4, EV 100.0 MPH)
Batting: RHB Nick Ellis 0-0: Ball
1-0: Ball
2-0: SINGLE (Groundball, 56S, EV 67.5 MPH) (infield hit)
Batting: LHB Jonathan Watt 0-0: Called Strike
0-1: Swinging Strike
0-2: Ball
1-2: Ball
2-2: Ball
3-2: Base on Balls
Nick Ellis to second
Batting: RHB Adrian Franz 0-0: Foul Ball, location: 2F
0-1: Ball
1-1: Ball
2-1: Foul Ball, location: 2F
2-2: Ball
3-2: Foul Ball, location: 2F
3-2: Foul Ball, location: 2F
3-2: Fielders Choice at 2nd, 1-6 (Groundball, 34S, EV 66.2 MPH)
Nick Ellis to third
Pitching: RHP Keith Wilder
Batting: RHB Mike Ryan 0-0: Ball
1-0: Fly out, F9 (Line Drive, 9, EV 89.4 MPH)
Bottom of the 6th over - 0 runs, 1 hit, 0 errors, 2 left on base; Wichita State University 3 - Clemson University 1
TOP OF THE 7TH
Wichita State University Shockers batting - Pitching for Clemson University Tigers : RHP A.J. Newman
Pitching: RHP John Sweet
Now at C: Willis Suarez
Pinch Hitting: RHB Jeff Grant 0-0: Ball
1-0: Foul Ball, location: 2F
1-1: Ball
2-1: Ball
3-1: Foul Ball, location: 2F
3-2: Strikes out swinging
Batting: RHB Rick McGrath 0-0: Foul Ball, location: 2F
0-1: Foul Ball, location: 2F
0-2: Ball
1-2: Ball
2-2: Ball
3-2: Ground out 4-3 (Groundball, 4MD, EV 98.1 MPH)
Batting: RHB Kyle Gill 0-0: Swinging Strike
0-1: Ball
1-1: Called Strike
1-2: Strikes out swinging
Top of the 7th over - 0 runs, 0 hits, 0 errors, 0 left on base; Wichita State University 3 - Clemson University 1
BOTTOM OF THE 7TH
Clemson University Tigers batting - Pitching for Wichita State University Shockers : RHP Keith Wilder
Pitching: LHP Ernesto Ruiz
Now at 3B: Jeff Grant
Batting: RHB Willis Suarez 0-0: Ball
1-0: Ball
2-0: Ball
3-0: Base on Balls
Batting: LHB Mario Nunez 0-0: Ball
1-0: Called Strike
1-1: TRIPLE (Line Drive, 89XD, EV 110.6 MPH)
Willis Suarez scores
Batting: LHB Steve Gates 0-0: Ball
1-0: Called Strike
1-1: Ball
2-1: Foul Ball, location: 2F
2-2: Foul Ball, location: 2F
2-2: Ground out 6-3 (Groundball, 6, EV 84.4 MPH)
Batting: LHB Wade Girard 0-0: SINGLE (Flyball, 8RS, EV 95.0 MPH)
Mario Nunez scores
Batting: RHB Josh LeSage 0-0: Ball
1-0: Swinging Strike
1-1: Ball
2-1: Ball
3-1: Foul Ball, location: 2F
3-2: Strikes out swinging
Batting: RHB Nick Ellis 0-0: Called Strike
0-1: Ball
1-1: Ball
2-1: Foul Ball, location: 2F
2-2: Foul Ball, location: 2F
2-2: Strikes out swinging
Bottom of the 7th over - 2 runs, 2 hits, 0 errors, 1 left on base; Wichita State University 3 - Clemson University 3
TOP OF THE 8TH
Wichita State University Shockers batting - Pitching for Clemson University Tigers : RHP John Sweet
Pitching: RHP Santos Gonzales
Batting: LHB Greg Burton 0-0: Ball
1-0: Called Strike
1-1: Fly out, F8 (Flyball, 78D, EV 86.9 MPH)
Batting: RHB Byron Whitehead 0-0: SINGLE (Line Drive, 7S, EV 95.6 MPH)
Batting: RHB Larry Hogue 0-0: Fly out, F4 (Popup, 3DF, EV 50.6 MPH)
Batting: LHB Carlos Flores 0-0: Swinging Strike
0-1: Foul Ball, location: 2F
0-2: Strikes out swinging
Top of the 8th over - 0 runs, 1 hit, 0 errors, 1 left on base; Wichita State University 3 - Clemson University 3
BOTTOM OF THE 8TH
Clemson University Tigers batting - Pitching for Wichita State University Shockers : LHP Ernesto Ruiz
Pitching: LHP Alex Brown
Batting: LHB Jonathan Watt 0-0: Ball
1-0: Ball
2-0: Called Strike
2-1: Ball
3-1: Fly out, F8 (Flyball, 89M, EV 86.9 MPH)
Batting: RHB Adrian Franz 0-0: Ball
1-0: Called Strike
1-1: Foul Ball, location: 2F
1-2: Strikes out swinging
Batting: RHB Mike Ryan 0-0: Swinging Strike
0-1: Foul Ball, location: 2F
0-2: Foul Ball, location: 2F
0-2: Strikes out swinging
Bottom of the 8th over - 0 runs, 0 hits, 0 errors, 0 left on base; Wichita State University 3 - Clemson University 3
TOP OF THE 9TH
Wichita State University Shockers batting - Pitching for Clemson University Tigers : RHP Santos Gonzales
Pitching: LHP Brian Anderson
Batting: SHB Peter Faggard 0-0: Ball
1-0: Swinging Strike
1-1: Ball
2-1: Ball
3-1: Ground out 4-3 (Groundball, 4, EV 88.1 MPH)
Batting: RHB Alex Zeledon 0-0: Ball
1-0: Ball
2-0: SINGLE (Groundball, 3S, EV 66.2 MPH) (infield hit)
Batting: RHB Jeff Grant 0-0: Called Strike
0-1: Ball
1-1: Ball
2-1: Ball
3-1: Called Strike
3-2: Fly out, F9 (Line Drive, 9S, EV 90.6 MPH)
Batting: RHB Rick McGrath 0-0: Ball
1-0: Foul Ball, location: 2F
1-1: Ball
2-1: Ball
3-1: Base on Balls
Alex Zeledon to second
Batting: RHB Kyle Gill 0-0: Ball
1-0: Ball
2-0: SINGLE (Line Drive, 89S, EV 93.8 MPH)
Alex Zeledon to third
Rick McGrath to second
Runner from 3rd tries for Home, SAFE, throw by CF to home
Batting: LHB Greg Burton 0-0: Ball
1-0: Fly out, F8 (Line Drive, 8LD, EV 103.8 MPH)
Top of the 9th over - 1 run, 2 hits, 0 errors, 2 left on base; Wichita State University 4 - Clemson University 3
BOTTOM OF THE 9TH
Clemson University Tigers batting - Pitching for Wichita State University Shockers : LHP Alex Brown
Pitching: LHP Blake Gans
Batting: RHB Willis Suarez 0-0: Fly out, F7 (Flyball, 78S, EV 89.4 MPH)
Batting: LHB Mario Nunez 0-0: Foul Ball, location: 2F
0-1: Ground out 6-3 (Groundball, 56, EV 95.0 MPH)
Batting: LHB Steve Gates 0-0: Ball
1-0: SINGLE (Groundball, 6M, EV 89.4 MPH) (infield hit)
Batting: LHB Wade Girard 0-0: Called Strike
0-1: SINGLE (Groundball, 56D, EV 94.4 MPH)
Steve Gates to second
Batting: RHB Josh LeSage 0-0: Ball
Wild Pitch!
Steve Gates to third
Wade Girard to second
1-0: Ball
2-0: Ball
3-0: Called Strike
3-1: Base on Balls
Batting: RHB Nick Ellis 0-0: Ball
1-0: Ball
2-0: Hit by Pitch
Steve Gates scores
Wade Girard to third
Josh LeSage to second
Batting: LHB Jonathan Watt 0-0: Ball
1-0: Ball
2-0: Called Strike
2-1: Ball
3-1: Swinging Strike
3-2: Ground out U3 (Groundball, 3L, EV 93.8 MPH)
Bottom of the 9th over - 1 run, 2 hits, 0 errors, 3 left on base; Wichita State University 4 - Clemson University 4
TOP OF THE 10TH
Wichita State University Shockers batting - Pitching for Clemson University Tigers : LHP Brian Anderson
Pitching: LHP Jonathan Hughes
Batting: RHB Byron Whitehead 0-0: Foul Ball, location: 2F
0-1: Called Strike
0-2: Ball
1-2: Strikes out swinging
Batting: RHB Larry Hogue 0-0: Ball
1-0: Ball
2-0: Called Strike
2-1: Ball
3-1: SINGLE (Flyball, 4D, EV 91.9 MPH)
Batting: LHB Carlos Flores 0-0: Ball
1-0: Called Strike
1-1: Foul Ball, location: 2F
1-2: Ball
2-2: Ball
Wild Pitch!
Larry Hogue to second
3-2: Strikes out looking
Batting: SHB Peter Faggard 0-0: Ball
1-0: Ball
2-0: Ball
3-0: Base on Balls
Batting: RHB Alex Zeledon 0-0: Ball
1-0: Ball
2-0: Ball
3-0: Called Strike
3-1: Fielders Choice at 2nd, 5-4 (Groundball, 56, EV 82.5 MPH)
Top of the 10th over - 0 runs, 1 hit, 0 errors, 2 left on base; Wichita State University 4 - Clemson University 4
BOTTOM OF THE 10TH
Clemson University Tigers batting - Pitching for Wichita State University Shockers : LHP Blake Gans
Pitching: LHP Jacob Seymour
Batting: RHB Adrian Franz 0-0: Called Strike
0-1: Ball
1-1: Foul Ball, location: 2F
1-2: Ball
2-2: Foul Ball, location: 2F
2-2: Foul Ball, location: 2F
2-2: Foul Ball, location: 2F
2-2: Ball
3-2: DOUBLE (Line Drive, 78M, EV 108.1 MPH)
Batting: RHB Mike Ryan 0-0: Intentional Walk
Batting: RHB Willis Suarez 0-0: Foul Ball, location: 2F
0-1: Foul Ball, location: 2F
0-2: Strikes out swinging
Batting: LHB Mario Nunez 0-0: Fielders Choice at 2nd, 4-6 (Groundball, 4, EV 104.4 MPH)
Adrian Franz to third
Batting: LHB Steve Gates 0-0: 3-RUN HOME RUN (Flyball, 89XD, EV 109.4 MPH), Distance : 428 ft
Bottom of the 10th over - 3 runs, 2 hits, 0 errors, 0 left on base; Wichita State University 4 - Clemson University 7
Tuesday, March 28th , 2023 - OOTP Baseball 23.10 Build 110